Map: [ESL] Dragon Scales

Players

Oriana - Winner!

  • Race: Terran Terran
  • Spawn Location: 5:00

TeebuL

  • Race: Protoss Protoss
  • Spawn Location: 11:00

Event: ESL SC2 Masters 2023 Summer (Regionals)

VOD

Have the link to the VOD?

Description

Time

  • Played on: May 7, 2023, 9:02 a.m.
  • Length: 13:24

All games in this series

Show
View Real Time Build Order
Export as new Build Order

Oriana Terran - Winner!

Build Orders: Reaper Expand 

Get SALT Encoding   

  12  0:00  SCV  
  13  0:12  SCV  
  14  0:17  Supply Depot  
  14  0:24  SCV  
  15  0:39  SCV  
  15  0:40  Barracks  
  16  0:43  Refinery  
  16  0:51  SCV  
  17  1:03  SCV  
  18  1:15  SCV  
  19  1:27  Orbital Command, Reaper  
  20  1:40  Command Center  
  20  1:48  Supply Depot  
  20  1:53  SCV  
  21  1:59  Marine  
  22  2:05  SCV  
  23  2:09  Factory  
  23  2:17  Bunker  
  23  2:18  SCV  
  23  2:21  Barracks Reactor  
  24  2:23  Refinery  
  24  2:30  SCV  
  25  2:43  SCV  
  26  2:53  Hellion, Starport  
  26  2:54  Orbital Command  
  26  2:56  SCV  
  29  3:02  Marine x2  
  31  3:09  SCV  
  32  3:17  Widow Mine, Supply Depot  
  34  3:21  SCV x2  
  34  3:22  Marine x2  
  38  3:33  Medivac  
  41  3:34  SCV x2  
  41  3:40  Widow Mine  
  44  3:41  Supply Depot  
  44  3:42  Marine x2  
  44  3:46  SCV x2  
  47  3:58  SCV x2  
  47  4:01  Marine x2  
  51  4:03  Barracks, Factory Tech Lab  
  49  4:12  Starport Tech Lab  
  49  4:15  Barracks  
  49  4:16  SCV x2  
  51  4:17  Supply Depot  
  51  4:20  Marine x2  
  51  4:23  Siege Tank  
  56  4:28  SCV  
  56  4:29  SCV  
  58  4:33  Raven  
  58  4:37  Engineering Bay  
  60  4:39  Refinery  
  60  4:43  SCV, Supply Depot  
  60  4:45  SCV  
  62  4:49  Marine x2  
  64  4:56  Siege Tank  
  64  4:57  Barracks Tech Lab  
  64  4:59  SCV x2  
  69  5:02  Supply Depot  
  69  5:12  Stimpack  
  69  5:13  SCV x2  
  71  5:16  Refinery  
  71  5:18  Terran Infantry Weapons Level 1  
  71  5:20  Marine x4  
  75  5:21  Supply Depot  
  75  5:25  Supply Depot  
  75  5:31  Combat Shield  
  75  5:32  SCV x2  
  77  5:37  Starport Reactor  
  77  5:38  Marine x2  
  79  5:43  Marauder x2  
  79  5:44  Supply Depot  
  79  5:49  Factory Reactor, Supply Depot  
  83  5:57  Marine x2  
  83  5:59  Command Center  
  85  6:05  Marauder x2  
  85  6:06  SCV x2  
  91  6:14  Medivac x2  
  91  6:16  Marine x2  
  97  6:27  Marauder x2  
  97  6:30  Barracks  
  97  6:31  Barracks, Supply Depot  
  101  6:35  Widow Mine x2, Marine x2  
  101  6:39  SCV  
  109  6:40  SCV  
  104  6:50  Marauder x2  
  104  6:51  Medivac x2  
  112  6:56  Marine  
  112  6:57  Marine  
  114  7:04  Widow Mine x2  
  114  7:05  SCV x2  
  114  7:07  Supply Depot  
  114  7:08  Concussive Shells  
  120  7:14  Marauder  
  118  7:18  Terran Infantry Armor Level 1  
  118  7:23  Marauder, Barracks Reactor, Marine  
  118  7:24  Marine  
  115  7:32  SCV  
  115  7:33  SCV  
  115  7:34  Marauder  
  91  7:44  Marine x2  
  91  7:45  Marauder  
  91  7:49  SCV x2  
  91  7:50  Orbital Command  
  82  7:55  Marauder  
  78  8:01  SCV x2  
  78  8:03  Marine x3  
  66  8:11  Marine, Marauder  
  69  8:14  Armory  
  69  8:15  SCV x2  
  69  8:17  SCV  
  69  8:18  Marauder x2  
  76  8:27  SCV x2  
  76  8:31  Marine x3  
  76  8:32  Marine  
  76  8:33  Marauder  
  84  8:34  Medivac  
  84  8:35  Orbital Command  
  84  8:40  Medivac  
  88  8:46  Marauder x2  
  88  8:47  SCV  
  88  8:48  SCV  
  93  8:51  Marine  
  93  8:54  Marine x3  
  97  9:01  Engineering Bay  
  97  9:04  Marauder  
  99  9:11  Marauder  
  99  9:13  Marauder, Marine x4  
  107  9:19  Orbital Command  
  107  9:22  Widow Mine x2  
  111  9:28  Marauder, SCV x2  
  111  9:31  Medivac x2  
  110  9:38  Marine x4  
  110  9:40  Marauder x2  
  110  9:42  SCV x2  
  116  9:46  Widow Mine x2  
  116  9:48  SCV  
  119  9:53  Marauder  
  119  9:56  SCV  
  119  9:57  SCV  
  119  9:59  Marine  
  123  10:00  SCV, Marine  
  126  10:09  Marauder x2, Marine  
  126  10:14  Marine  
  129  10:15  Marauder  
  128  10:25  Marine x2  
  130  10:28  Marine  
  130  10:35  Marine x2  
  125  10:39  Orbital Command  
  125  10:45  Marine x2  
  127  10:52  Marine x3  
  127  10:54  Marauder  
  131  10:59  Marine  
  131  11:02  Marine x2  
  129  11:10  Marine  
  129  11:11  Marine, Marauder  
  129  11:15  Widow Mine x2, Medivac x2  
  137  11:25  Marine x2  
  113  11:38  Marine x2  
  113  11:39  Marauder x2  
  117  11:43  SCV x3  
  117  11:47  Marine x2  
  120  11:48  Viking  
  120  11:52  Viking  
  120  12:03  Marauder x3  
  120  12:04  Marine x2  
  120  12:06  SCV  
  120  12:07  SCV x2  
  129  12:13  Marine x2  
  131  12:22  Marine  
  131  12:24  Marine  
  131  12:27  Marauder x2  
  131  12:29  Widow Mine x2, Marauder, Viking  
  140  12:33  Marine x2  
  140  12:35  Ghost Academy  
  142  12:43  Marine x2  
  125  12:58  Marine  
  125  12:59  Marine, Marauder x3  
Show
View Real Time Build Order
Export as new Build Order

TeebuL Protoss 

Build Orders: 1 Gate Expand, Blink Stalkers 

Get SALT Encoding   

  12  0:00  Probe  
  13  0:12  Probe  
  14  0:18  Pylon  
  14  0:24  Probe (Chrono Boost)  
  15  0:37  Probe (Chrono Boost)  
  15  0:38  Gateway  
  16  0:45  Probe (Chrono Boost)  
  16  0:47  Assimilator  
  17  0:51  Probe  
  18  1:03  Probe  
  19  1:15  Probe  
  20  1:25  Cybernetics Core  
  20  1:35  Nexus  
  20  1:40  Pylon  
  20  1:44  Probe  
  21  1:50  Assimilator  
  21  1:56  Probe  
  21  1:59  Adept (Chrono Boost)  
  22  2:02  Warp Gate  
  22  2:08  Probe  
  25  2:20  Probe  
  25  2:21  Adept  
  28  2:33  Twilight Council  
  29  2:37  Probe  
  29  2:47  Gateway  
  29  2:49  Probe x2 (Chrono Boost)  
  31  3:01  Probe x2 (Chrono Boost)  
  31  3:04  Blink (Chrono Boost)  
  33  3:07  Probe x2 (Chrono Boost)  
  35  3:15  Probe  
  35  3:17  Probe  
  35  3:18  Robotics Facility  
  37  3:24  Pylon  
  37  3:27  Probe  
  37  3:29  Probe  
  39  3:39  Probe  
  39  3:41  Probe  
  41  3:42  Assimilator  
  41  3:45  Pylon  
  41  3:51  Probe  
  41  3:53  Probe, Stalker x2  
  47  4:04  Probe  
  47  4:05  Probe  
  49  4:15  Robotics Bay  
  49  4:16  Probe  
  50  4:22  Stalker  
  50  4:23  Probe  
  53  4:27  Nexus  
  53  4:29  Probe  
  54  4:33  Observer  
  54  4:35  Probe  
  54  4:37  Pylon  
  56  4:40  Stalker  
  56  4:41  Probe  
  59  4:46  Stalker  
  59  4:47  Probe  
  62  4:55  Probe  
  62  4:59  Pylon  
  64  5:00  Probe  
  65  5:07  Probe  
  65  5:09  Disruptor (Chrono Boost)  
  65  5:10  Charge  
  65  5:11  Pylon  
  65  5:12  Probe  
  69  5:19  Probe  
  70  5:24  Probe  
  71  5:30  Gateway  
  71  5:31  Probe, Gateway  
  71  5:33  Gateway x2  
  72  5:36  Gateway  
  72  5:38  Probe  
  72  5:39  Probe  
  74  5:44  Disruptor  
  74  5:45  Probe  
  74  5:47  Pylon  
  78  5:50  Probe  
  78  5:54  Probe  
  78  5:56  Zealot  
  82  5:57  Zealot  
  84  6:08  Pylon  
  84  6:09  Probe  
  85  6:14  Pylon  
  85  6:16  Shield Battery  
  85  6:17  Zealot  
  87  6:18  Zealot  
  87  6:21  Pylon  
  89  6:27  Gateway  
  89  6:34  Zealot x5  
  89  6:37  Disruptor  
  100  6:50  Zealot x2  
  104  6:57  Zealot x5  
  104  7:00  Forge  
  114  7:01  Forge  
  114  7:06  Probe  
  113  7:18  Zealot x7  
  113  7:20  Probe  
  128  7:27  Templar Archives  
  128  7:29  Cybernetics Core  
  115  7:39  Probe, Zealot x2  
  115  7:40  Zealot x4  
  115  7:42  Probe  
  109  7:45  Probe  
  99  7:53  Zealot  
  99  7:57  Protoss Ground Armor Level 1 (Chrono Boost), Protoss Ground Weapons Level 1 (Chrono Boost)  
  94  8:00  Zealot x3  
  94  8:01  Zealot x3  
  94  8:03  Probe x2  
  106  8:07  Probe  
  106  8:09  Colossus (Chrono Boost)  
  113  8:13  Extended Thermal Lance  
  113  8:16  Probe  
  113  8:17  Probe  
  115  8:20  Zealot  
  115  8:25  Pylon  
  117  8:31  Pylon  
  117  8:32  Twilight Council  
  117  8:37  Pylon  
  117  8:43  Probe  
  117  8:47  Nexus  
  118  8:48  Pylon  
  118  8:51  Observer  
  118  8:52  Colossus (Chrono Boost)  
  118  8:54  Probe  
  125  9:03  Probe  
  122  9:10  Stalker x3  
  122  9:11  Stalker x3  
  134  9:17  Photon Cannon  
  108  9:39  Probe  
  108  9:41  Probe  
  96  9:54  Zealot x3  
  96  9:55  Zealot x4  
  96  9:57  Probe x3  
  113  10:02  Disruptor (Chrono Boost)  
  113  10:04  Probe  
  117  10:09  Probe x2  
  119  10:15  Zealot x2  
  119  10:16  Zealot  
  122  10:29  Probe  
  114  10:41  Zealot x4  
  114  10:42  Zealot x2  
  123  10:46  Cybernetics Core  
  106  10:59  Probe x3  
  93  11:09  Zealot x7  
  104  11:13  Probe  
  68  11:33  Zealot x7  
  68  11:35  Zealot x6  
  72  11:41  Stalker  
  72  11:47  Probe  
  72  11:51  Dark Shrine  
  73  11:57  Zealot x3  
  73  11:58  Zealot x2  
  73  11:59  Colossus  
  79  12:05  Sentry  
  81  12:13  Sentry  
  83  12:19  Zealot x2  
  83  12:20  Zealot x3  
  91  12:27  Probe x2  
  91  12:30  Sentry  
  91  12:35  Probe  
  92  12:37  Sentry  
  92  12:39  Probe  
  92  12:40  Sentry x5  
  77  13:06  Zealot, Stalker  
  77  13:07  Stalker x2  
Tags
 
Add a new tag
Caveats
  • Supply blocks, unpowered buildings, or Contaminate may cause inaccurate times.
  • Supply counts are checked every 10 seconds.